Map: Newkirk Precinct TE (Void)

Players

Bly - Winner!

  • Race: Zerg Zerg
  • League: Grandmaster
  • Spawn Location: 7:00

kOala (Nina)

  • Race: Protoss Protoss
  • Spawn Location: 5:00

Event: NationWars IV

VOD

Have the link to the VOD?

Description

Time

  • Played on: Dec. 23, 2016, 2:45 p.m.
  • Length: 10:34
Show
View Real Time Build Order
Export as new Build Order

Bly Zerg - Winner!

Build Orders: Hatch First 

Get SALT Encoding   

  12  0:01  Drone  
  13  0:13  Overlord  
  13  0:19  Drone  
  14  0:32  Drone x2  
  16  0:56  Drone  
  16  0:57  Hatchery  
  16  0:59  Drone  
  17  1:20  Spawning Pool  
  17  1:23  Drone x2  
  18  1:30  Evolution Chamber  
  19  1:41  Hatchery  
  18  1:56  Drone  
  21  2:08  Zergling x6  
  22  2:16  Extractor x2, Queen  
  23  2:25  Overlord  
  23  2:30  Hatchery  
  22  2:44  Zergling x2  
  22  2:45  Drone  
  24  2:53  Drone x2  
  24  2:58  Queen  
  28  3:12  Drone x2  
  30  3:18  Drone x2  
  32  3:21  Metabolic Boost  
  32  3:29  Drone x4  
  32  3:31  Overlord  
  36  3:43  Overlord, Queen  
  38  3:52  Drone x4  
  39  4:04  Drone x4  
  43  4:21  Zergling x6  
  43  4:22  Evolution Chamber  
  45  4:25  Drone x4  
  45  4:30  Drone x2  
  51  4:34  Overlord  
  51  4:35  Drone  
  51  4:36  Drone x3  
  55  4:51  Zergling x6  
  55  4:52  Extractor  
  53  5:14  Drone x10  
  54  5:18  Extractor  
  54  5:19  Roach Warren  
  61  5:25  Hatchery  
  60  5:30  Zergling x4  
  60  5:31  Overlord  
  62  5:37  Overlord  
  61  5:47  Drone x6  
  61  5:53  Drone x4  
  61  5:54  Drone x2  
  61  5:57  Overlord  
  67  5:58  Extractor, Zerg Melee Weapons Level 1  
  67  6:00  Lair  
  66  6:11  Overlord  
  66  6:14  Overlord  
  66  6:17  Drone x3  
  66  6:18  Extractor  
  68  6:22  Baneling Nest, Spine Crawler  
  68  6:23  Overlord x2  
  66  6:27  Overlord  
  64  6:41  Roach  
  64  6:42  Roach x10  
  86  6:47  Roach x3  
  86  6:48  Roach x2  
  86  6:51  Queen  
  86  6:52  Overlord  
  98  6:54  Zergling x6  
  98  6:58  Glial Reconstitution, Overlord  
  98  7:01  Overlord  
  101  7:03  Overlord  
  101  7:13  Drone x6  
  101  7:14  Drone x2  
  109  7:17  Overlord  
  109  7:21  Ravager x4, Centrifical Hooks  
  113  7:24  Drone  
  113  7:27  Ravager  
  113  7:28  Overlord, Ravager x2  
  117  7:45  Zergling x24  
  117  7:46  Zergling x2  
  130  8:05  Roach x10  
  140  8:11  Ravager x4  
  144  8:16  Ravager  
  144  8:18  Zergling x2, Baneling x2  
  144  8:19  Zergling x8  
  150  8:23  Hatchery  
  139  8:31  Zergling x14  
  131  8:46  Roach x5  
  131  8:47  Roach x3  
  128  8:52  Roach  
  128  8:53  Roach x4  
  137  9:03  Ravager  
  137  9:05  Zergling x12  
  139  9:20  Zergling x18  
  146  9:27  Drone x4  
  147  9:33  Extractor  
  147  9:38  Zergling x10  
  148  9:40  Ravager x2  
  150  9:51  Baneling  
  150  9:52  Baneling x22  
  148  9:54  Zergling x12  
  148  9:55  Zergling x14  
  161  10:00  Hatchery  
  161  10:01  Extractor  
  161  10:04  Baneling x3  
  159  10:17  Ravager x3  
  159  10:18  Ravager  
Show
View Real Time Build Order
Export as new Build Order

kOala Protoss 

Build Orders:  

Get SALT Encoding   

  12  0:01  Probe (Chrono Boost)  
  13  0:11  Probe (Chrono Boost)  
  14  0:20  Pylon  
  14  0:24  Probe (Chrono Boost)  
  15  0:39  Probe (Chrono Boost)  
  16  0:49  Probe (Chrono Boost)  
  17  1:00  Probe (Chrono Boost)  
  18  1:05  Gateway  
  18  1:10  Probe (Chrono Boost), Pylon  
  19  1:21  Probe (Chrono Boost)  
  20  1:36  Probe (Chrono Boost)  
  21  1:54  Probe (Chrono Boost)  
  22  2:00  Nexus  
  22  2:02  Assimilator  
  22  2:08  Cybernetics Core  
  22  2:12  Probe (Chrono Boost)  
  23  2:15  Assimilator  
  24  2:23  Probe (Chrono Boost)  
  24  2:29  Gateway  
  24  2:34  Probe (Chrono Boost)  
  24  2:35  Zealot  
  27  2:49  Probe (Chrono Boost)  
  28  2:55  Pylon  
  28  3:01  Probe (Chrono Boost)  
  28  3:03  Gateway  
  29  3:13  Probe (Chrono Boost)  
  29  3:15  Probe (Chrono Boost)  
  29  3:16  Adept  
  33  3:30  Warp Gate  
  33  3:32  Mothership Core (Chrono Boost)  
  34  3:39  Adept  
  35  3:41  Probe (Chrono Boost)  
  35  3:46  Pylon  
  36  3:50  Probe (Chrono Boost)  
  36  3:54  Probe (Chrono Boost)  
  36  4:01  Probe (Chrono Boost)  
  37  4:06  Probe (Chrono Boost)  
  37  4:07  Sentry  
  39  4:11  Probe (Chrono Boost)  
  41  4:18  Probe (Chrono Boost)  
  41  4:19  Pylon  
  41  4:22  Probe (Chrono Boost)  
  42  4:30  Probe (Chrono Boost)  
  43  4:31  Sentry  
  43  4:32  Probe (Chrono Boost)  
  46  4:42  Probe (Chrono Boost)  
  46  4:43  Probe (Chrono Boost)  
  49  4:54  Probe x2 (Chrono Boost)  
  50  5:04  Probe (Chrono Boost)  
  50  5:06  Probe (Chrono Boost)  
  50  5:15  Probe (Chrono Boost)  
  50  5:16  Gateway  
  50  5:18  Nexus, Gateway  
  50  5:20  Twilight Council, Gateway  
  51  5:23  Probe (Chrono Boost), Pylon  
  51  5:26  Pylon  
  51  5:38  Pylon, Sentry  
  53  5:43  Blink  
  53  5:45  Phoenix  
  53  5:46  Probe (Chrono Boost)  
  54  5:51  Pylon  
  54  5:52  Pylon  
  54  5:54  Gateway  
  54  5:55  Gateway  
  56  5:57  Probe (Chrono Boost), Sentry  
  56  5:58  Probe (Chrono Boost)  
  58  6:04  Pylon  
  58  6:09  Probe (Chrono Boost)  
  60  6:12  Probe (Chrono Boost)  
  60  6:16  Assimilator  
  60  6:17  Zealot x3, Assimilator  
  66  6:21  Zealot  
  66  6:25  Probe (Chrono Boost)  
  70  6:29  Robotics Facility  
  70  6:31  Zealot  
  69  6:36  Probe (Chrono Boost)  
  68  6:42  Probe (Chrono Boost)  
  68  6:43  Probe (Chrono Boost)  
  71  6:48  Probe (Chrono Boost)  
  71  6:52  Probe (Chrono Boost)  
  73  6:55  Probe (Chrono Boost)  
  73  7:05  Probe (Chrono Boost)  
  73  7:06  Probe (Chrono Boost)  
  73  7:08  Probe (Chrono Boost)  
  76  7:13  Stalker x5  
  87  7:17  Probe (Chrono Boost)  
  87  7:19  Observer  
  87  7:20  Probe (Chrono Boost)  
  89  7:23  Probe (Chrono Boost)  
  89  7:29  Probe (Chrono Boost)  
  91  7:32  Probe (Chrono Boost)  
  91  7:33  Probe (Chrono Boost)  
  91  7:36  Stalker  
  95  7:37  Stalker x3  
  97  7:52  Pylon  
  97  7:53  Pylon  
  97  7:57  Probe (Chrono Boost)  
  86  7:59  Stalker x3  
  86  8:03  Probe (Chrono Boost)  
  86  8:05  Stalker x3  
  89  8:06  Probe (Chrono Boost)  
  89  8:10  Probe (Chrono Boost)  
  88  8:15  Zealot  
  88  8:17  Probe (Chrono Boost)  
  88  8:18  Probe (Chrono Boost)  
  92  8:22  Probe (Chrono Boost)  
  89  8:28  Zealot x3  
  89  8:30  Probe (Chrono Boost)  
  89  8:32  Stalker x2  
  91  8:37  Probe (Chrono Boost)  
  91  8:38  Probe (Chrono Boost)  
  87  8:43  Stalker x2  
  87  8:46  Probe (Chrono Boost)  
  83  8:51  Stalker  
  83  8:52  Stalker  
  83  8:54  Probe (Chrono Boost)  
  88  8:56  Probe (Chrono Boost)  
  88  8:58  Probe (Chrono Boost)  
  90  9:06  Probe (Chrono Boost)  
  90  9:07  Probe (Chrono Boost), Pylon  
  90  9:15  Probe (Chrono Boost)  
  86  9:19  Probe x2 (Chrono Boost)  
  86  9:20  Stalker  
  86  9:21  Stalker x2  
  93  9:26  Stalker  
  93  9:27  Probe (Chrono Boost)  
  93  9:30  Probe (Chrono Boost)  
  98  9:31  Probe (Chrono Boost)  
  98  9:35  Stalker  
  98  9:36  Stalker  
  103  9:39  Probe (Chrono Boost)  
  103  9:40  Probe (Chrono Boost)  
  103  9:45  Probe (Chrono Boost)  
  105  9:47  Pylon  
  105  9:51  Sentry x2  
  109  9:55  Pylon  
  109  9:56  Pylon  
  109  10:00  Pylon  
  109  10:05  Sentry  
  109  10:06  Probe x2 (Chrono Boost)  
  109  10:07  Probe (Chrono Boost)  
  114  10:09  Sentry  
  116  10:18  Zealot  
  116  10:19  Probe (Chrono Boost), Zealot x2  
  116  10:20  Zealot  
Tags
 
Add a new tag
Caveats
  • Supply blocks, unpowered buildings, or Contaminate may cause inaccurate times.
  • Supply counts are checked every 10 seconds.